 Dungeon Crawl Stone Soup version 0.27.1-33-g824d729ab1 (webtiles) character file.

Game seed: 4829714673734265033

123505 Gabide the Brawler (level 17, -9/133 HPs)
             Began as a Human Monk on Nov 22, 2021.
             Was a High Priest of Elyvilon.
             Mangled by a naga warrior (38 damage)
             ... on level 2 of the Snake Pit on Nov 25, 2021.
             The game lasted 02:01:54 (43209 turns).

Gabide the Brawler (Human Monk)                    Turns: 43209, Time: 02:01:55

Health: -9/133     AC: 14    Str: 17    XL:     17   Next: 45%
Magic:  20/25      EV: 23    Int: 12    God:    Elyvilon [*****.]
Gold:   459        SH:  5    Dex: 22    Spells: 16/16 levels left

rFire    . . .     SeeInvis +     - Unarmed
rCold    . . .     Faith    .   (no shield)
rNeg     . . .     Spirit   .   T - +2 robe of Ennui {Dex+2 Slay+3 SInv Stlth+}
rPois    .         Reflect  +   d - +2 helmet
rElec    .         Harm     .   X - +2 cloak {rCorr}
rCorr    +         Rampage  .   l - +2 pair of gloves
Will     +....                  s - +0 pair of boots
Stlth    ++++++....             D - amulet of reflection
HPRegen  0.32/turn              a - ring "Kosim" {EV+4 Dex+4 Stlth+}
MPRegen  0.19/turn              J - +4 ring of slaying

@: lethally poisoned (-9 -> -10), constricted
A: no striking features
a: Renounce Religion, Lesser Healing, Heal Other, Purification, Greater Healing,
Divine Vigour, Divine Protection


You were on level 2 of the Snake Pit.
You worshipped Elyvilon.
Elyvilon was extremely pleased with you.
You visited 4 branches of the dungeon, and saw 26 of its levels.
You also visited: Ice Cave.

You collected 2471 gold pieces.
You spent 2012 gold pieces at shops.

Inventory:

Hand Weapons
 n - a +1 arbalest of venom
Armour
 d - a +2 helmet (worn)
 l - a +2 pair of gloves (worn)
 s - a +0 pair of boots (worn)
 K - a +0 robe of resistance
 T - the +2 robe of Ennui (worn) {Dex+2 Slay+3 SInv Stlth+}
   (You found it on level 6 of the Lair of Beasts)

   Dex:       It affects your dexterity (+2).
   Slay:      It affects your accuracy & damage with ranged weapons and melee
   (+3).
   SInv:      It lets you see invisible.
   Stlth:     It makes you more stealthy.
 X - a +2 cloak of preservation (worn)
Jewellery
 a - the ring "Kosim" (left hand) {EV+4 Dex+4 Stlth+}
   (You bought it in a shop on level 2 of the Orcish Mines)

   [ring of evasion]

   EV:        It affects your evasion (+4).
   Dex:       It affects your dexterity (+4).
   Stlth:     It makes you more stealthy.
 D - an amulet of reflection (around neck)
 H - the ring "Dit Myak" {Str+6 Slay+2}
   (You found it on level 13 of the Dungeon)

   [ring of strength]

   Str:       It affects your strength (+6).
   Slay:      It affects your accuracy & damage with ranged weapons and melee
   (+2).
 J - a +4 ring of slaying (right hand)
 U - a ring of poison resistance
Wands
 h - a wand of polymorph (41)
 p - a wand of paralysis (15)
 x - a wand of flame (22) (quivered)
 E - a wand of iceblast (18)
 F - a wand of digging (7)
 O - a wand of acid (2)
Scrolls
 b - a scroll of summoning
 c - a scroll of silence {unknown}
 q - 4 scrolls of holy word
 r - a scroll of blinking
 y - 2 scrolls of amnesia
 A - 2 scrolls of magic mapping
 L - 4 scrolls of identify
 M - a scroll of fear
 V - a scroll of fog
 Z - a scroll of teleportation
Potions
 e - 4 potions of ambrosia
 i - a potion of curing
 j - 2 potions of flight
 w - a potion of attraction
 z - 3 potions of haste
 B - 2 potions of magic
 C - a potion of berserk rage
 G - 2 potions of cancellation
 I - a potion of might
 N - a potion of mutation
 Y - a potion of heal wounds


   Skills:
 * Level 11.9 Fighting
 * Level 12.7 Dodging
 + Level 7.9 Stealth
 + Level 5.2 Shields
 * Level 18.7 Unarmed Combat
 * Level 11.9 Invocations
 + Level 5.9 Evocations


You had 16 spell levels left.
You didn't know any spells.
Your spell library contained the following spells:

 Spells                   Type           Power      Damage    Failure   Level
 Animate Skeleton         Necr           0%         N/A       32%         1
 Apportation              Tloc           0%         N/A       32%         1
 Corona                   Hex            0%         N/A       32%         1
 Pain                     Necr           0%         1d4       32%         1
 Sting                    Tmut/Pois      0%         1d3       32%         1
 Summon Small Mammal      Summ           0%         N/A       32%         1
 Corpse Rot               Necr/Air       N/A        N/A       45%         2
 Poisonous Vapours        Pois/Air       0%         N/A       45%         2
 Slow                     Hex            0%         N/A       45%         2
 Confusing Touch          Hex            0%         N/A       69%         3
 Conjure Flame            Conj/Fire      0%         6-21      69%         3
 Dazzling Flash           Conj/Hex       0%         N/A       69%         3
 Ignite Poison            Fire/Tmut/Pois 0%         N/A       69%         3
 Ozocubu's Armour         Ice            0%         N/A       69%         3
 Spider Form              Tmut/Pois      0%         N/A       69%         3
 Tukima's Dance           Hex            0%         N/A       69%         3
 Vampiric Draining        Necr           0%         2d6       69%         3
 Iskenderun's Mystic Bla  Conj/Tloc      0%         2d3       97%         4
 Leda's Liquefaction      Hex/Erth       0%         N/A       97%         4
 Olgreb's Toxic Radiance  Pois           0%         N/A       97%         4
 Passage of Golubria      Tloc           N/A        N/A       97%         4
 Sticky Flame             Conj/Fire      0%         2d3       97%         4
 Agony                    Necr           0%         N/A       100%        5
 Bolt of Magma            Conj/Fire/Erth 0%         4d4       100%        5
 Fireball                 Conj/Fire      0%         3d3       100%        5
 Freezing Cloud           Conj/Ice/Air   0%         6-21      100%        5
 Iskenderun's Battlesphe  Conj           0%         2d6       100%        5
 Silence                  Hex/Air        0%         N/A       100%        5
 Summon Forest            Summ/Tloc      0%         N/A       100%        5
 Summon Mana Viper        Hex/Summ       0%         N/A       100%        5
 Yara's Violent Unravell  Hex/Tmut       0%         3d3       100%        5
 Conjure Ball Lightning   Conj/Air       0%         3x3d6     100%        6
 Eringya's Noxious Bog    Tmut/Pois      0%         N/A       100%        6
 Shadow Creatures         Summ           N/A        N/A       100%        6
 Statue Form              Tmut/Erth      0%         N/A       100%        6
 Orb of Destruction       Conj           0%         N/A       100%        7
 Ozocubu's Refrigeration  Ice            0%         4d5       100%        7
 Ignition                 Fire           0%         3d3       100%        8


Dungeon Overview and Level Annotations

Branches:
Dungeon (15/15)            Temple (0/1) D:5            Lair (6/6) D:8
  Swamp (0/4) Lair:3        Snake (3/4) Lair:2        Slime (0/5) Lair:6
    Orc (2/2) D:10            Elf (0/3) Orc:2        Vaults (0/5) D:13
  IceCv (visited)
 Depths: D:15

Altars:
Elyvilon
Fedhas
Hepliaklqana
Kikubaaqudgha
Makhleb
Nemelex Xobeh
Qazlal
Ru
Sif Muna
Trog
Uskayaw
Vehumet
Zin
The Shining One
Beogh
Jiyva

Shops:
D:1 [   D:7 (   Orc:2 ?!=*   Snake:1 *!=[

Annotations:
D:4 2 runed translucent doors, Vivir's ghost, amateur MiFi
D:10 2 runed translucent doors, Gunterle's ghost, journeyman PaBe
D:12 2 transporters, Vivir's ghost, journeyman MiFi
Snake:2 3 runed translucent doors, wpisznazwe's ghost, adept TrGl


Message History

You are too injured to fight recklessly!
You are too injured to fight recklessly!
You are too injured to fight recklessly!
You are too injured to fight recklessly!
You are too injured to fight recklessly!
You are too injured to fight recklessly!
You are too injured to fight recklessly!
You are too injured to fight recklessly!
You are too injured to fight recklessly!
You barely miss the shock serpent. You punch the shock serpent!
The shock serpent is almost dead.
The shock serpent's electric aura discharges, shocking you!
You feel sick.
The shock serpent completely misses you.
The naga warrior completely misses you. The naga warrior constricts you.
* * * LOW HITPOINT WARNING * * *
You are healed.
You feel sick. The shock serpent bites you! The shock serpent shocks you!
You block the naga warrior's attack. The naga warrior constricts you.
You hit the shock serpent. Your punch misses the shock serpent.
The shock serpent is almost dead.
The shock serpent's electric aura discharges, shocking you!
* * * LOW HITPOINT WARNING * * *
You feel sick. The shock serpent barely misses you.
You are healed.
You feel sick. The shock serpent bites you. The shock serpent shocks you!
The naga warrior hits you with a +0 war axe!
* * * LOW HITPOINT WARNING * * *
The naga warrior constricts you.
* * * LOW HITPOINT WARNING * * *
You block the shock serpent's attack.
You are healed.
You feel sick.
The naga warrior hits you but does no damage.
The naga warrior constricts you. The shock serpent barely misses you.
You pummel the shock serpent!!
You kill the shock serpent!
The air sparks with electricity, shocking you!
* * * LOW HITPOINT WARNING * * *
The naga warrior hits you with a +0 war axe!!!
You die...

.).....#..##.........##..#..#####
.......##..#.##...##.#..##.......
...###..##....#####....##.##.....
...#########.........###.........
....## #####.....#####.........
.....#####...###'###..###.#######
.............##...##...####......
.............#.)...#...# #.♣#####
............##♣÷@.♣#..####.##...#
............##..N..#..##.#.#.♣.♣.
............###.♣.##.....#.'.÷<..
...........#..#####......#.#.♣.♣.
........###..##..........#.##...#
.......##...###.......#..#.♣#####
##....#..#####........#..##......
.#.#.#..####..........##..#######
.#.#.#..###............#.....##..


You could see a naga warrior (strong).

Vanquished Creatures
  Asterion (Snake:1)
  A tentacled monstrosity (D:14)
  Frances (Snake:2)
  A nagaraja (Snake:2)
  Aizul (Snake:1)
  A very ugly thing (D:14)
  2 dire elephants (Lair:6)
  Nessos (Lair:4)
  Snorg (D:14)
  Josephine (Snake:1)
  5 naga warriors (Snake:2)
  6 hydras
  A vault guard (D:13)
  3 anacondas
  3 catoblepae (Lair:5)
  2 centaur warriors (D:13)
  3 two-headed ogres
  3 tengu warriors
  Urug (Lair:3)
  6 death yaks
  5 shock serpents
  6 orc high priests
  A spectral dire elephant (Lair:6)
  2 naga sharpshooters
  Sonja (Lair:5)
  A spectral death yak (Lair:6)
  A spectral anaconda (Lair:6)
  A salamander mystic (Snake:3)
  A death drake (shapeshifter) (D:13)
  An iron troll (D:13)
  3 naga ritualists
  4 necromancers (Lair:6)
  4 orc knights
  An obsidian statue (Lair:6)
  3 orc sorcerers (Orc:2)
  11 mana vipers
  4 ugly things
  5 cyclopes
  2 manticores (Lair:5)
  5 salamanders
  26 elephants
  Maurice (Orc:1)
  21 black mambas
  2 naga magi (Snake:2)
  2 ice statues (IceCv)
  4 guardian serpents
  A dire elephant skeleton (Lair:6)
  7 cane toads
  2 gargoyles
  Psyche (D:12)
  4 kobold demonologists
  10 komodo dragons
  Maggie (D:7)
  5 rime drakes
  2 unseen horrors
  3 trolls
  4 polar bears
  2 hornets
  Prince Ribbit (D:6)
  9 blink frogs
  A spectral elephant (Lair:6)
  3 slime creatures (D:7)
  A dream sheep (Lair:3)
  Sigmund (D:3)
  5 small abominations (D:14)
  A vampire (D:14)
  5 wraiths
  7 wyverns
  48 yaks
  2 large abominations (D:14)
  A fire elemental (D:14)
  A chaos spawn (D:14)
  9 vampire mosquitoes
  7 basilisks
  A steam dragon (Lair:4)
  A neqoxec (D:14)
  6 wargs
  Menkaure (D:6)
  2 death yak simulacra
  A spectral cane toad (Lair:6)
  19 nagas
  11 water moccasins
  20 orc warriors
  3 elephant zombies (Lair:6)
  A necrophage (D:5)
  3 sky beasts
  3 black bears
  4 ogres
  13 wolves
  7 centaurs
  A phantom (D:6)
  2 kobold brigands
  Blork the orc (D:6)
  7 bullfrogs
  4 scorpions
  3 elephant simulacra
  10 killer bees (D:9)
  4 howler monkeys
  4 wights
  8 centaur zombies
  A jelly (D:4)
  35 orc priests
  A hound (D:6)
  Crazy Yiuf (D:3)
  A centaur skeleton (D:6)
  A gnoll shaman (D:9)
  Jessica (D:3)
  26 orc wizards
  6 hell rats (Lair:1)
  A polar bear simulacrum (IceCv)
  A killer bee zombie (D:7)
  A hound zombie (D:5)
  2 howler monkey skeletons (D:7)
  2 howler monkey zombies (D:9)
  9 gnolls
  7 adders
  2 white imps
  2 ufetubi
  2 worms
  A dart slug (D:4)
  68 orcs
  5 ball pythons
  9 endoplasms
  2 giant cockroaches
  10 goblins
  9 hobgoblins
  6 jackals
  2 quokkas (D:1)
  3 bats
  11 frilled lizards (D:1)
  9 kobolds
  4 rats
687 creatures vanquished.

Vanquished Creatures (collateral kills)
  An ugly thing (D:13)
  An orc warrior (Orc:2)
  An orc priest (Orc:2)
  An orc wizard (Orc:2)
4 creatures vanquished.

Vanquished Creatures (others)
  An orc high priest (Orc:2)
  A yak (D:8)
  An ogre (Orc:1)
  A hornet simulacrum (D:10)
  An orc wizard (D:6)
  2 orcs
  36 fungi
  49 plants
  26 withered plants (Lair:6)
118 creatures vanquished.

Grand Total: 809 creatures vanquished

Notes
Turn   | Place    | Note
-------+----------+-------------------------------------------
     0 | D:1      | Gabide the Human Monk began the quest for the Orb.
     0 | D:1      | Reached XP level 1. HP: 18/18 MP: 1/1
    57 | D:1      | Reached XP level 2. HP: 24/24 MP: 2/2
   219 | D:1      | Found Litwam's Antique Armour Shop.
   276 | D:1      | Reached XP level 3. HP: 28/29 MP: 3/3
  1367 | D:2      | Reached XP level 4. HP: 35/35 MP: 4/4
  1564 | D:1      | Reached skill level 4 in Unarmed Combat
  2004 | D:2      | Found a faded altar of an unknown god.
  2297 | D:3      | Found a white marble altar of Elyvilon.
  2337 | D:3      | Became a worshipper of Elyvilon the Healer
  2337 | D:3      | Reached * piety under Elyvilon
  2337 | D:3      | Reached ** piety under Elyvilon
  2401 | D:3      | Noticed Jessica
  2408 | D:3      | Killed Jessica
  2409 | D:3      | Reached XP level 5. HP: 41/41 MP: 5/5
  2474 | D:3      | Found a radiant altar of Vehumet.
  4264 | D:3      | Reached XP level 6. HP: 39/48 MP: 6/6
  4432 | D:3      | Noticed Sigmund
  4463 | D:3      | Killed Sigmund
  4464 | D:3      | Reached skill level 5 in Unarmed Combat
  4621 | D:3      | Reached XP level 7. HP: 50/53 MP: 7/7
  4994 | D:3      | Found a runed translucent door.
  4995 | D:3      | Noticed Crazy Yiuf
  5153 | D:3      | Killed Crazy Yiuf
  5229 | D:4      | Found an ancient bone altar of Kikubaaqudgha.
  5319 | D:4      | Reached skill level 6 in Unarmed Combat
  5806 | D:4      | Found a shimmering blue altar of Sif Muna.
  5953 | D:4      | Found a large runed translucent door.
  5953 | D:4      | Found a large runed translucent door.
  5957 | D:4      | Noticed Vivir's ghost (amateur MiFi)
  6138 | D:5      | Entered Level 5 of the Dungeon
  6165 | D:5      | Found a staircase to the Ecumenical Temple.
  6181 | D:5      | Reached *** piety under Elyvilon
  6428 | D:5      | Reached XP level 8. HP: 23/60 MP: 8/8
  6936 | D:5      | Reached skill level 7 in Unarmed Combat
  7336 | D:6      | Reached skill level 5 in Dodging
  7391 | D:6      | Reached **** piety under Elyvilon
  7414 | D:6      | Noticed Menkaure
  7439 | D:6      | Elyvilon protects you from harm!
  7930 | D:6      | Killed Menkaure
  7931 | D:6      | Reached skill level 8 in Unarmed Combat
  8140 | D:6      | Reached skill level 1 in Invocations
  8148 | D:6      | Reached XP level 9. HP: 60/66 MP: 9/9
  8289 | D:6      | Found a glowing golden altar of the Shining One.
  8305 | D:6      | Noticed Blork the orc
  8331 | D:6      | Killed Blork the orc
  8399 | D:6      | Noticed Prince Ribbit
  8441 | D:6      | Killed Prince Ribbit
  8848 | D:6      | Reached skill level 9 in Unarmed Combat
  9039 | D:7      | Found a stormy altar of Qazlal.
  9040 | D:7      | Noticed a slime creature
  9041 | D:7      | Noticed a slime creature
  9041 | D:7      | Noticed a slime creature
  9049 | D:7      | Killed a slime creature
  9326 | D:7      | Killed a slime creature
  9327 | D:7      | Reached skill level 5 in Fighting
  9343 | D:7      | Killed a slime creature
  9344 | D:7      | Reached skill level 5 in Stealth
  9567 | D:7      | Found Qeguaherph's Weapon Emporium.
  9567 | D:7      | Noticed Maggie
  9596 | D:7      | Killed Maggie
  9949 | D:7      | Bought a +1 arbalest of flaming for 181 gold pieces
 10089 | D:7      | Reached XP level 10. HP: 71/74 MP: 12/12
 10153 | D:7      | Noticed a cyclops
 10179 | D:7      | Reached skill level 10 in Unarmed Combat
 10405 | D:7      | Killed a cyclops
 10689 | D:7      | Reached ***** piety under Elyvilon
 10743 | D:7      | Found a glowing silver altar of Zin.
 11125 | D:8      | Reached skill level 1 in Evocations
 11149 | D:8      | Reached skill level 5 in Invocations
 11318 | D:8      | Found a staircase to the Lair.
 11338 | D:8      | Reached skill level 11 in Unarmed Combat
 11608 | D:8      | Identified the +4 falchion "Sefiss" {venom, rF+}
 11839 | D:8      | Paralysed by a hornet for 3 turns
 12142 | D:8      | Reached XP level 11. HP: 80/82 MP: 15/15
 12217 | D:8      | Found a sparkling altar of Nemelex Xobeh.
 12784 | D:9      | Found a blossoming altar of Fedhas.
 12786 | D:9      | Found a bloodstained altar of Trog.
 12807 | D:9      | Noticed a sun demon
 12822 | D:9      | Noticed a soul eater
 13064 | D:9      | Noticed a sun demon
 13572 | D:10     | Entered Level 10 of the Dungeon
 13825 | D:10     | Found a staircase to the Orcish Mines.
 13844 | D:10     | Noticed a two-headed ogre
 13871 | D:10     | Killed a two-headed ogre
 14044 | D:10     | Found a sacrificial altar of Ru.
 14093 | D:10     | Found a runed translucent door.
 14098 | D:10     | Found a hazy altar of Hepliaklqana.
 14159 | D:10     | Noticed Gunterle's ghost (journeyman PaBe)
 14160 | D:10     | Noticed a lich
 14161 | D:10     | Noticed a necromancer
 14161 | D:10     | Noticed a skeletal warrior
 14162 | D:10     | Noticed a sphinx
 14162 | D:10     | Noticed a yaktaur captain
 14205 | D:10     | Found a flagged portal.
 14484 | D:10     | Found a runed translucent door.
 14664 | D:11     | Noticed a two-headed ogre
 14674 | D:11     | Killed a two-headed ogre
 14769 | D:11     | Noticed a boulder beetle
 14786 | D:11     | Pacified a boulder beetle
 15139 | D:11     | Noticed a boulder beetle
 15153 | D:11     | Reached skill level 12 in Unarmed Combat
 15167 | D:11     | Pacified a boulder beetle
 15451 | D:11     | Reached XP level 12. HP: 87/91 MP: 17/17
 15927 | D:11     | Noticed a two-headed ogre
 15938 | D:11     | Killed a two-headed ogre
 16375 | D:12     | Noticed a boulder beetle
 16385 | D:12     | Pacified a boulder beetle
 16780 | D:12     | Found a transporter.
 16783 | D:12     | Noticed a centaur warrior
 16783 | D:12     | Noticed Vivir's ghost (journeyman MiFi)
 16784 | D:12     | Noticed a boulder beetle
 16786 | D:12     | Noticed a tengu warrior
 16788 | D:12     | Noticed a two-headed ogre
 16835 | D:12     | Noticed Psyche
 16843 | D:12     | Killed Psyche
 17043 | D:12     | Found a transporter.
 17806 | D:13     | Identified the ring "Dit Myak" {Str+6 Slay+2}
 17931 | D:13     | Reached ****** piety under Elyvilon
 17969 | D:13     | Noticed an iron troll
 17969 | D:13     | Noticed a vault guard
 17995 | D:13     | Killed an iron troll
 17996 | D:13     | Reached skill level 1 in Shields
 18004 | D:13     | Killed a vault guard
 18304 | D:13     | HP: 4/94 [white ugly thing (13)]
 18771 | D:13     | Found a gate to the Vaults.
 18849 | D:13     | Reached skill level 13 in Unarmed Combat
 19005 | D:13     | Noticed a centaur warrior
 19011 | D:13     | Noticed a boulder beetle
 19023 | D:13     | Killed a centaur warrior
 19024 | D:13     | Reached skill level 5 in Evocations
 19024 | D:13     | Reached XP level 13. HP: 70/99 MP: 17/19
 19043 | D:13     | Pacified a boulder beetle
 19390 | D:13     | Noticed a centaur warrior
 19411 | D:13     | Killed a centaur warrior
 20024 | Orc:1    | Entered Level 1 of the Orcish Mines
 21067 | Orc:2    | Entered Level 2 of the Orcish Mines
 21158 | Orc:2    | Reached skill level 10 in Dodging
 21507 | Orc:2    | Found a staircase to the Elven Halls.
 21988 | Orc:2    | Found Zips's Jewellery Emporium.
 22082 | Orc:2    | Found Ceoq's Assorted Antiques.
 22149 | Orc:2    | Reached skill level 14 in Unarmed Combat
 22397 | Orc:2    | Found Taggir's Distillery.
 22400 | Orc:2    | Found Qapniem's Assorted Antiques.
 22624 | Orc:2    | Bought the ring "Kosim" {EV+4 Dex+4 Stlth+} for 921 gold
                  | pieces
 23048 | Orc:2    | Found Bautaf's Magic Scroll Emporium.
 23056 | Orc:2    | Bought a scroll of holy word for 127 gold pieces
 23056 | Orc:2    | Bought a scroll of blinking for 127 gold pieces
 23284 | Orc:1    | Found a burning altar of Makhleb.
 23286 | Orc:1    | Noticed Maurice
 23298 | Orc:1    | Reached XP level 14. HP: 33/109 MP: 14/21
 23299 | Orc:1    | Killed Maurice
 23542 | Orc:1    | You fall into a shaft and drop 1 floor!
 23543 | Orc:2    | Upgraded the game from 0.27.1-16-g815e20cd7a to
                  | 0.27.1-33-g824d729ab1
 24104 | D:14     | Noticed Snorg
 24126 | D:14     | Killed Snorg
 24842 | D:14     | Reached skill level 10 in Fighting
 25124 | D:14     | Found a hide-covered altar of Uskayaw.
 25213 | D:14     | Found a runed translucent door.
 25470 | D:14     | Reached skill level 10 in Invocations
 25601 | D:14     | Noticed a purple very ugly thing
 25619 | D:14     | Killed a purple very ugly thing
 25760 | D:14     | Noticed a tentacled monstrosity
 25767 | D:14     | Killed a tentacled monstrosity
 25906 | D:14     | Got the Disquisition on Orientation and Toxins
 26066 | D:15     | Entered Level 15 of the Dungeon
 26294 | Lair:1   | Entered Level 1 of the Lair of Beasts
 26494 | Lair:1   | Reached skill level 15 in Unarmed Combat
 27038 | Lair:2   | Found a staircase to the Snake Pit.
 28635 | Lair:3   | Found a staircase to the Swamp.
 28681 | Lair:3   | Reached XP level 15. HP: 108/116 MP: 22/22
 28848 | Lair:3   | Noticed Urug
 28860 | Lair:3   | Killed Urug
 30180 | Lair:4   | Found a frozen archway.
 30293 | IceCv    | Entered an ice cave
 30294 | IceCv    | Found a transporter.
 30389 | IceCv    | Found a transporter.
 30657 | Lair:4   | Noticed Nessos
 30809 | Lair:4   | Reached skill level 16 in Unarmed Combat
 31251 | Lair:4   | Found a blossoming altar of Fedhas.
 31541 | Lair:4   | Killed Nessos
 32101 | Lair:5   | Noticed Sonja
 32103 | Lair:5   | Killed Sonja
 34004 | Lair:5   | Reached XP level 16. HP: 105/125 MP: 24/24
 34384 | Lair:6   | Entered Level 6 of the Lair of Beasts
 34413 | Lair:5   | Reached skill level 17 in Unarmed Combat
 35816 | Lair:6   | Identified the +2 robe of Ennui {Dex+2 Slay+3 SInv Stlth+}
 35853 | Lair:6   | Found a viscous altar of Jiyva.
 35854 | Lair:6   | Found a staircase to the Slime Pits.
 37647 | Snake:1  | Entered Level 1 of the Snake Pit
 37648 | Snake:1  | Noticed Josephine
 37655 | Snake:1  | Killed Josephine
 38027 | Snake:1  | Noticed Aizul
 38055 | Snake:1  | Killed Aizul
 38555 | Snake:1  | Found Wuhunat's Distillery.
 38556 | Snake:1  | Found Higg's Armour Shoppe.
 38556 | Snake:1  | Found Xaqerph's General Store.
 38561 | Snake:1  | Found Cacovvet's Jewellery Shoppe.
 38568 | Snake:1  | Bought a potion of curing for 36 gold pieces
 38597 | Snake:1  | Bought a +2 cloak of preservation for 236 gold pieces
 38610 | Snake:1  | Bought a potion of cancellation for 96 gold pieces
 38610 | Snake:1  | Bought a potion of heal wounds for 60 gold pieces
 38610 | Snake:1  | Bought a potion of haste for 120 gold pieces
 38610 | Snake:1  | Bought a potion of heal wounds for 60 gold pieces
 38610 | Snake:1  | Bought a potion of might for 48 gold pieces
 38785 | Snake:1  | Reached skill level 18 in Unarmed Combat
 39103 | Snake:1  | Noticed Asterion
 39117 | Snake:1  | Killed Asterion
 40120 | Snake:2  | Noticed a nagaraja
 40130 | Snake:2  | Killed a nagaraja
 40131 | Snake:2  | Reached XP level 17. HP: 63/132 MP: 25/25
 40790 | Snake:2  | Found a runed translucent gate.
 40793 | Snake:2  | Found a runed translucent gate.
 40795 | Snake:2  | Found a runed translucent gate.
 40800 | Snake:2  | Noticed wpisznazwe's ghost (adept TrGl)
 40921 | Snake:2  | Reached skill level 5 in Shields
 42279 | Snake:2  | Noticed Frances
 42302 | Snake:2  | Killed Frances
 43209 | Snake:2  | Mangled by a naga warrior

Illustrated notes

Levels and vault maps discovered:
D:1:      lightli_iron_boxes, layout_basic, serial_shops, shop, serial_glass,
          glass_columns_a, glass_columns_a, minmay_lizard_pond
D:2:      layout_rooms, ebering_ecumenical_altar_rust
D:3:      layout_loops_ring, nicolae_vehumet_radiance,
          mainiacjoe_overflow_surrounded_room, uniq_crazy_yiuf_cottage,
          uniq_sigmund, uniq_jessica
D:4:      layout_rooms, amcnicky_altar_gilded, nicolae_sif_muna_little_library,
          ebering_ghost_disaster_area, minivault_14, minmay_crystal_room,
          amethyst_killhole
D:5:      layout_basic, minmay_temple_entry_wispy, minmay_misc_feat_alley
D:6:      layout_loops_ring, tso_oasis_becter, lemuel_old_faithful,
          uniq_menkaure, uniq_prince_ribbit1, uniq_blork_the_orc
D:7:      minmay_clustersquares, layout_gridville, grunt_qazlal_sundering,
          zin_treasury, serial_shops, nicolae_shop_waterfront, uniq_maggie
D:8:      wander_river, layout_loops_ring, overflow_temple_1_default,
          minmay_lair_entry_grove, kennysheep_small_spiral
D:9:      layout_rooms, grunt_temple_overflow_open
D:10:     layout_roguey, mainiacjoe_overflow_small_starburst,
          worldfamousw_hep_ancestral_shrine, orc_0_dummy,
          muffindrake_ghost_dual_entry, enter_bailey_4
D:11:     layout_gridville
D:12:     layout_gridville, gammafunk_ghost_arena, nicolae_zen_rock_garden,
          nooodl_orcs_dogs, uniq_psyche
D:13:     layout_roguey, david_vaults_4, minmay_checkerbox
D:14:     cheibrodos_body_horror, layout_cave_pools, nicolae_uskayaw_suspiria,
          uniq_snorg
D:15:     grunt_enter_depths_magical_seal, layout_cave_pools,
          chequers_serial_rivers_micro_e
Lair:1:   layout_big_grid, lemuel_fruit_tree, lemuel_fruit_fields,
          grunt_megastairs_1, infiniplex_staircase_pool
Lair:2:   layout_long_grid, guppyfry_snake_entry_garden, st_stairs_8
Lair:3:   nzn_winding_woodlands_small [nzn_winding_woodlands_5x15_parted,
          nzn_winding_woodlands_center_lodge,
          nzn_winding_woodlands_5x15_default], layout_cave_pods,
          swamp_mist_pool, grunt_megastairs_4, uniq_urug
Lair:4:   layout_cave_pods, portal_ice_cave_rime, basic_altar, enter_volcano_4,
          lemuel_fruit_fields, uniq_nessos
Lair:5:   nzn_motion_control, layout_layer_cave, st_stairs_11, minivault_26,
          beast_lair_carwin_10, infiniplex_staircase_pool_2, uniq_sonja
Lair:6:   due_jungle_book, layout_gridlike, slime_altar_1
Snake:1:  cheibrodos_forgotten_conduit, layout_rooms, minmay_shoptagon,
          uniq_aizul, uniq_josephine, uniq_asterion
Snake:2:  layout_onion, gammafunk_ghost_split, grunt_ministairs_11,
          grunt_megastairs_2, uniq_frances
Snake:3:  layout_grid_shapes, grunt_ministairs_13,
          nicolae_shop_overcharged_wands, serial_bayou_shore_a,
          grunt_megastairs_5
Orc:1:    layout_caves, basic_altar, nicolae_orc_rockfall, uniq_maurice
Orc:2:    st_orc_mages, layout_diamond_mine, serial_shops,
          nicolae_shop_statue_plus, basic_altar, mines1_david

Skill      XL: |  1  2  3  4  5  6  7  8  9 10 11 12 13 14 15 16 17 |
---------------+----------------------------------------------------+-----
Unarmed Combat | 4 5 6 8 9 11 12 13 14 15 16 18 | 18.7
Dodging        | 4 5 6 7 8 9 10 11 12 | 12.7
Stealth        | 3 4 5 6 7 |  7.9
Fighting       | 4 5 6 7 8 9 10 11 | 11.9
Invocations    | 1 3 5 6 8 9 10 11 | 11.9
Evocations     | 2 4 5 |  5.9
Shields        | 1 2 3 4 5 |  5.2

Action                   |  1- 3 |  4- 6 |  7- 9 | 10-12 | 13-15 | 16-18 || total
-------------------------+-------+-------+-------+-------+-------+-------++-------
Melee: Unarmed           |   128 |   177 |   393 |   575 |  1000 |   595 ||  2868
       Punch             |     1 |     4 |    14 |    31 |   119 |    96 ||   265
       Arbalest          |       |       |       |     1 |       |       ||     1
Invok: Lesser Healing    |       |     2 |     3 |       |     8 |     1 ||    14
       Greater Healing   |       |       |     1 |     3 |    18 |    15 ||    37
       Heal Other        |       |       |       |    11 |    10 |     2 ||    23
       Divine Vigour     |       |       |       |       |       |     1 ||     1
 Abil: Evoke Thunderclou |       |       |       |    16 |     8 |     6 ||    30
Evoke: Wand              |       |       |       |    24 |    15 |     6 ||    45
  Use: Potion            |     1 |     2 |     1 |     2 |    14 |    12 ||    32
       Scroll            |       |     4 |     6 |     4 |    10 |     7 ||    31
 Stab: Sleeping          |     4 |     6 |     4 |     7 |    22 |     7 ||    50
       Distracted        |     1 |       |     1 |     1 |     4 |     5 ||    12
Armor: Robe              |     8 |    21 |    88 |   191 |   284 |   164 ||   756
       Skin              |       |       |    16 |       |       |       ||    16
Dodge: Dodged            |   102 |   149 |   291 |   625 |   959 |   658 ||  2784
Block: Other             |       |       |       |    43 |   252 |   166 ||   461
       Reflection        |       |       |       |     5 |     3 |     4 ||    12
